 Dungeon Crawl Stone Soup version 0.29.1-13-g9f3cf754e1 (webtiles) character file.

Game seed: 2220106157053461690

3 sircluck the Grave Robber (level 1, -1/13 HPs)
             Began as a Mummy Necromancer on Jan 24, 2023.
             Slain by a quokka (5 damage)
             ... on level 1 of the Dungeon.
             The game lasted 00:01:16 (80 turns).

sircluck the Grave Robber (Mummy Necromancer)         Turns: 80, Time: 00:01:17

Health: -1/13      AC:  2    Str: 11    XL:     1   Next: 41%
Magic:  3/4        EV: 12    Int: 14    God:
Gold:   0          SH:  0    Dex: 12    Spells: 4/5 levels left

rFire   x . .      SeeInvis .   b - +0 mace
rCold   + . .      Faith    .   (no shield)
rNeg    + + +      Spirit   .   a - +0 robe
rPois   ∞          Reflect  .   (no helmet)
rElec   .          Harm     .   (no cloak)
rCorr   .          Rampage  .   (no gloves)
Will    .....                   (no boots)
Stlth   ++........              (no amulet)
HPRegen 0.04/turn               (no ring)
MPRegen 0.09/turn               (no ring)

@: no status effects
A: cold resistance 1, negative energy resistance 3, torment resistance 2, heat
vulnerability 1, no potions
a: no special abilities


You were on level 1 of the Dungeon.
You visited 1 branch of the dungeon, and saw 1 of its levels.

Inventory:

Hand Weapons
 b - a +0 mace (weapon)
 d - a +0 short sword
Armour
 a - a +0 robe (worn)
Potions
 c - a potion of lignification {unknown}


   Skills:
 + Level 1.5 Dodging
 + Level 1.5 Stealth
 + Level 2.7 Spellcasting
 + Level 4.1 Necromancy


You had 4 spell levels left.
You knew the following spells:

 Your Spells              Type           Power      Damage    Failure   Level
a - Necrotise             Necr           52%        1d6       4%          1

Your spell library contained the following spells:

 Spells                   Type           Power      Damage    Failure   Level
 Vampiric Draining        Necr           13%        2d6       12%         3
 Animate Dead             Necr           13%        N/A       36%         4
 Agony                    Necr           13%        N/A       73%         5


Dungeon Overview and Level Annotations

Branches:
Dungeon (1/15)

Altars:


Innate Abilities, Weirdness & Mutations

You are immune to poison.
Your flesh is cold resistant. (rC+)
You are immune to negative energy. (rN+++)
You are immune to unholy pain and torment.
You are vulnerable to heat. (rF-)
You do not drink.


Message History

You hit the bat.
You kill the bat!
Found a scroll labelled ZUENAO FOAZI.
A ball python comes into view.
A quokka comes into view.
Found a scroll labelled JAGAON RIKLEOS and a glowing dark potion.
You see here a scroll labelled ZUENAO FOAZI.
A hobgoblin comes into view.
Found a scroll labelled ERCHIH ZIUNT.
The ball python hisses angrily.
The hobgoblin shouts!
You hear a shout!
You barely miss the quokka. The quokka closely misses you.
You hit the quokka.
The quokka is almost dead.
A giant cockroach comes into view.
The quokka bites you but does no damage.
The ball python bites you but does no damage.
The ball python grabs you. The ball python constricts you.
The quokka bites you.
You closely miss the quokka.
The quokka is almost dead.
The ball python bites you. The ball python constricts you.
The quokka barely misses you. The ball python misses you.
The ball python constricts you.
Aiming: Necrotise (safe; 4% risk of failure)
Press: ? - help, Q - select action Shift-Dir - straight line, f - ball python
Aim: a ball python (constricting you, chance to affect: 83%)
The ball python writhes in agony.
You kill the ball python!
The dead are slithering!
The quokka barely misses you. The quokka bites you.
The hobgoblin attacks as you move away! The hobgoblin misses you.
The quokka completely misses you. The hobgoblin attacks as you move away!
The hobgoblin barely misses you.
Your ball python skeleton closely misses the hobgoblin.
Your ball python skeleton grabs the hobgoblin.
Your ball python skeleton constricts the hobgoblin.
You see here a scroll labelled ZUENAO FOAZI.
You closely miss the quokka.
The quokka is almost dead.
The quokka bites you.
You die...

.#..........##.#
.........#####'########
.......#.............<#
.#...#.#.#.......######
#.$ #...##..♣..##
#.....#..##...##
.......##.###.##
....... #...### ####.#
###..@####### #
#######rg......
.......B.Z.....
...............
...............
.....##......## #####
#...##.# #...# ?!.
#.... ?#


You could see a quokka (ally target), a giant cockroach, a hobgoblin and a
friendly ball python skeleton.

Vanquished Creatures
  An endoplasm (D:1)
  A ball python (D:1)
  A bat (D:1)
  A kobold (D:1)
4 creatures vanquished.

Notes
Turn   | Place    | Note
-------+----------+-------------------------------------------
     0 | D:1      | sircluck the Mummy Necromancer began the quest for the Orb.
     0 | D:1      | Reached XP level 1. HP: 13/13 MP: 4/4
    80 | D:1      | Slain by a quokka

Illustrated notes

Levels and vault maps discovered:
D:1:      amcnicky_arrival_feature_with_door, layout_basic,
          hellmonk_ecumenical_altar_lost_god, minmay_tetromino_o4

Action                   || total
-------------------------++-------
Melee: Mace              ||     6
 Cast: Necrotise         ||     4
Armor: Robe              ||     6
Dodge: Dodged            ||    11
